 Dungeon Crawl Stone Soup version 0.31-a0-177-g4aa6249778 (webtiles) character file.

Game seed: 14569565872430651983

1166 qw the Skirmisher (level 8, -3/74 HPs)
             Began as a Naga Hunter on June 18, 2023.
             Was a Follower of Okawaru.
             Slain by a gnoll
             ... wielding a +0 club
             ... led by a gnoll sergeant
              (7 damage)
             ... on level 6 of the Dungeon.
             The game lasted 00:01:34 (3556 turns).

qw the Skirmisher (Naga Hunter)                     Turns: 3556, Time: 00:01:34

Health: -3/74      AC:  6    Str: 14    XL:     8   Next: 40%
Magic:  8/8        EV: 10    Int:  8    God:    Okawaru [*.....]
Gold:   274        SH:  0    Dex: 16    Spells: 7/7 levels left

rFire   + . .        o - +0 orcbow
rCold   . . .        (shield currently unavailable)
rNeg    . . .        k - +2 robe {rF+}
rPois   +            (no helmet)
rElec   .            p - scarf {repulsion}
rCorr   .            f - +0 pair of gloves
SInv    +            (no barding)
Will    +....        (no amulet)
Stlth   ++           (no ring)
HPRegen 0.32/turn    (no ring)
MPRegen 0.11/turn

%: repel missiles
@: short of breath, very slow
A: AC +2, large, see invisible, deformed body, poison resistance, slowness 2,
spit poison 1, naga tail 1, dopey 1
a: Spit Poison, Renounce Religion, Heroism


You were on level 6 of the Dungeon.
You worshipped Okawaru.
Okawaru was aware of your devotion.
You visited 2 branches of the dungeon, and saw 7 of its levels.

You collected 274 gold pieces.


Innate Abilities, Weirdness & Mutations

Your serpentine skin is tough. (AC +2)
You have supernaturally acute eyesight. (SInv)
Armour fits poorly on your strangely shaped body.
Your system is resistant to poisons. (rPois)
You cover ground very slowly.
You can spit poison.
You have a snake-like lower body.
You are dopey. (Int -2)


   Skills:
 - Level 5.2 Fighting
 + Level 8.4 Ranged Weapons
 - Level 2.0 Dodging
 - Level 1.5 Stealth
 - Level 0.1 Invocations


You had 7 spell levels left.
You didn't know any spells.
Your spell library was empty.

Inventory:

Hand Weapons
 o - a +0 orcbow (weapon)
Armour
 f - a +0 pair of gloves (worn)
 k - a +2 robe of fire resistance (worn)
 m - a +0 leather armour of cold resistance
 p - a scarf of repulsion (worn)
Jewellery
 l - the amulet "Neiv" {RegenMP rElec rPois rF- SInv}
   (You found it on level 3 of the Dungeon)

   [amulet of magic regeneration]

   It increases your rate of magic regeneration.
   rF:        It makes you vulnerable to fire.
   rElec:     It insulates you from electricity.
   rPois:     It protects you from poison.
   SInv:      It lets you see invisible.
Scrolls
 a - a scroll of identify
Potions
 b - a potion of haste
 c - a potion of lignification {unknown}
 e - 6 potions of curing
 g - a potion of might
 h - a potion of attraction {unknown}
 i - 3 potions of enlightenment
 j - 2 potions of mutation
 n - a potion of degeneration {unknown}

Dungeon Overview and Level Annotations

Branches:
Dungeon (6/15)             Temple (1/1) D:4

Altars:
Ashenzari
Cheibriados
Elyvilon
Fedhas
Hepliaklqana
Kikubaaqudgha
Makhleb
Okawaru
Ru
Sif Muna
Trog
Uskayaw
Vehumet
Wu Jian
Yredelemnul
Zin


Message History

3552 ||| DRINKING potion of heal wounds.
You feel much better.
You have got your breath back.
The gnoll closely misses you. The gnoll hits you but does no damage.
The gnoll hits you with a +0 club! The phantom closely misses you.
3553 ||| INVOKING Spit Poison.
Aiming: Spit Poison (1% risk of failure)
Press: ? - help, Shift-Dir - straight line, f - gnoll, p - phantom The splash of poison hits the gnoll!
The gnoll is poisoned.
The gnoll is severely wounded.
The gnoll sergeant looks more healthy.
The phantom hits you but does no damage.
The gnoll hits you with a +0 club.
The gnoll hits you from afar with a +0 spear.
You shoot an arrow.
The arrow hits the gnoll but does no damage.
The gnoll is almost dead.
The gnoll sergeant hits you from afar with a +0 trident of protection!
The gnoll hits you with a +0 club.
The gnoll hits you from afar with a +0 spear.
The gnoll hits you but does no damage. The phantom completely misses you.
You shoot an arrow.
The arrow hits the gnoll but does no damage.
The gnoll is almost dead.
The gnoll hits you but does no damage. The phantom closely misses you.
The gnoll sergeant hits you from afar with a +0 trident of protection.
The gnoll hits you with a +0 club.
The gnoll hits you from afar with a +0 spear.
You shoot an arrow.
The arrow hits the gnoll but does no damage.
The gnoll is almost dead.
You kill the gnoll!
Okawaru accepts your kill.
You can now gain great but temporary skills.
The gnoll sergeant barely misses you. The gnoll misses you.
The gnoll hits you but does no damage. The phantom barely misses you.
The gnoll hits you with a +0 club. The phantom barely misses you.
The gnoll sergeant hits you from afar with a +0 trident of protection.
The gnoll hits you with a +0 club!
You die...

#... #... #(...
#....#########
#............#
#............#
#......W.....#
#......@g...#
#.....g.....#
#......gg...?..
#..)...........
#...##.##...##.
#...##)####+#
#..>...<....#
#............
#............


You could see a phantom, a gnoll sergeant and 3 gnolls.

Vanquished Creatures
  Sigmund (D:2)
  A water moccasin (D:5)
  Duvessa (D:5)
  A black bear (D:5)
  A sky beast (D:3)
  A phantom (D:4)
  A centaur (D:5)
  Blork the orc (D:5)
  Dowan (D:5)
  2 hounds
  2 iguanas (D:5)
  Ijyb (D:5)
  Terence (D:2)
  An orc wizard (D:4)
  2 gnolls (D:6)
  3 adders
  2 white imps (D:5)
  An ufetubus (D:4)
  A dart slug (D:1)
  10 orcs
  15 ball pythons
  6 bats
  3 endoplasms
  2 giant cockroaches (D:1)
  3 hobgoblins
  A jackal (D:2)
  6 kobolds
  2 quokkas
  3 frilled lizards
  8 goblins
  9 rats
93 creatures vanquished.

Notes
Turn   | Place    | Note
-------+----------+-------------------------------------------
     0 | D:1      | qw the Naga Hunter began the quest for the Orb.
     0 | D:1      | Reached XP level 1. HP: 19/19 MP: 1/1
     0 | D:1      | 0 ||| qw: Version: 0.3-a-5-g6f28e65
     0 | D:1      | 0 ||| qw: Game counter: 512
     0 | D:1      | 0 ||| qw: Always use a shield: true
     0 | D:1      | 0 ||| qw: God list: Okawaru
     0 | D:1      | 0 ||| qw: Allow faded altars: false
     0 | D:1      | 0 ||| qw: Do Orc after D:15 true
     0 | D:1      | 0 ||| qw: Do second Lair branch before Depths: true
     0 | D:1      | 0 ||| qw: Lair rune preference: random
     0 | D:1      | 0 ||| qw: Plans: Normal
     0 | D:1      | 0 ||| PLANNING D:1-11
     8 | D:1      | 8 ||| INVOKING Spit Poison.
    15 | D:1      | 15 ||| INVOKING Spit Poison.
    44 | D:1      | 44 ||| INVOKING Spit Poison.
    45 | D:1      | Reached skill level 4 in Ranged Weapons
    45 | D:1      | Reached XP level 2. HP: 26/26 MP: 2/2
    71 | D:1      | 71 ||| INVOKING Spit Poison.
    86 | D:1      | 86 ||| INVOKING Spit Poison.
    94 | D:1      | 94 ||| INVOKING Spit Poison.
   112 | D:1      | 112 ||| DROPPING +1 sling of flaming.
   150 | D:1      | 150 ||| INVOKING Spit Poison.
   172 | D:1      | 172 ||| INVOKING Spit Poison.
   224 | D:1      | Found a faded altar of an unknown god.
   290 | D:1      | 290 ||| INVOKING Spit Poison.
   308 | D:1      | 308 ||| INVOKING Spit Poison.
   329 | D:1      | 329 ||| INVOKING Spit Poison.
   332 | D:1      | Reached XP level 3. HP: 31/32 MP: 3/3
   338 | D:1      | 338 ||| INVOKING Spit Poison.
   339 | D:1      | 339 ||| INVOKING Spit Poison.
   366 | D:1      | 366 ||| INVOKING Spit Poison.
   385 | D:1      | 385 ||| INVOKING Spit Poison.
   413 | D:1      | 413 ||| INVOKING Spit Poison.
   512 | D:1      | 512 ||| INVOKING Spit Poison.
   573 | D:1      | 573 ||| INVOKING Spit Poison.
   604 | D:1      | 604 ||| UPGRADING to +0 pair of gloves.
   609 | D:1      | 609 ||| READING scroll labelled GAURCH YTAMUMNI.
   610 | D:1      | 610 ||| READING scroll labelled RIRU VESU XAO.
   670 | D:1      | 670 ||| DRINKING 4 golden potions.
   671 | D:1      | 671 ||| DROPPING scroll of butterflies.
   749 | D:2      | Noticed Terence
   752 | D:2      | 752 ||| INVOKING Spit Poison.
   755 | D:2      | 755 ||| INVOKING Spit Poison.
   760 | D:2      | Killed Terence
   761 | D:2      | Reached skill level 5 in Ranged Weapons
   761 | D:2      | Reached XP level 4. HP: 33/39 MP: 4/4
   789 | D:2      | 789 ||| INVOKING Spit Poison.
   817 | D:2      | 817 ||| INVOKING Spit Poison.
   824 | D:2      | 824 ||| INVOKING Spit Poison.
   831 | D:2      | 831 ||| INVOKING Spit Poison.
   834 | D:2      | 834 ||| INVOKING Spit Poison.
   986 | D:2      | 986 ||| INVOKING Spit Poison.
  1021 | D:2      | 1021 ||| INVOKING Spit Poison.
  1027 | D:2      | 1027 ||| INVOKING Spit Poison.
  1067 | D:2      | 1067 ||| INVOKING Spit Poison.
  1206 | D:2      | Noticed Sigmund
  1207 | D:2      | 1207 ||| INVOKING Spit Poison.
  1210 | D:2      | 1210 ||| READING 2 scrolls labelled EMOKHY QIROEKH.
  1211 | D:2      | 1211 ||| DRINKING 2 fizzy inky potions.
  1212 | D:2      | 1212 ||| DRINKING 2 fuming puce potions.
  1213 | D:2      | 1213 ||| DRINKING 3 fuming clear potions.
  1409 | D:2      | 1409 ||| INVOKING Spit Poison.
  1413 | D:2      | 1413 ||| DRINKING 3 potions of curing.
  1413 | D:2      | 1413 ||| (to cure confusion)
  1415 | D:2      | 1415 ||| DRINKING 2 potions of curing.
  1415 | D:2      | 1415 ||| (to cure confusion)
  1416 | D:2      | 1416 ||| INVOKING Spit Poison.
  1420 | D:2      | Killed Sigmund
  1421 | D:2      | Reached XP level 5. HP: 51/51 MP: 5/5
  1421 | D:2      | Reached XP level 6. HP: 60/60 MP: 6/6
  1585 | D:2      | 1585 ||| UPGRADING to +2 robe of fire resistance.
  1595 | D:2      | 1595 ||| DROPPING +0 leather armour.
  1596 | D:2      | 1596 ||| DROPPING potion of brilliance.
  1606 | D:3      | 1606 ||| INVOKING Spit Poison.
  1618 | D:3      | 1618 ||| INVOKING Spit Poison.
  1623 | D:3      | 1623 ||| INVOKING Spit Poison.
  1629 | D:3      | 1629 ||| INVOKING Spit Poison.
  1642 | D:3      | 1642 ||| INVOKING Spit Poison.
  1688 | D:3      | Found a sacrificial altar of Ru.
  1764 | D:3      | Identified the amulet "Neiv" {RegenMP rElec rPois rF- SInv}
  1771 | D:3      | 1771 ||| INVOKING Spit Poison.
  1775 | D:3      | 1775 ||| INVOKING Spit Poison.
  1853 | D:3      | Noticed a sky beast
  1854 | D:3      | 1854 ||| INVOKING Spit Poison.
  1857 | D:3      | 1857 ||| INVOKING Spit Poison.
  1862 | D:3      | 1862 ||| INVOKING Spit Poison.
  1862 | D:3      | Killed a sky beast
  1915 | D:3      | 1915 ||| INVOKING Spit Poison.
  1922 | D:3      | 1922 ||| INVOKING Spit Poison.
  1925 | D:3      | 1925 ||| INVOKING Spit Poison.
  1930 | D:3      | 1930 ||| INVOKING Spit Poison.
  1967 | D:3      | 1967 ||| INVOKING Spit Poison.
  2109 | D:3      | 2109 ||| READING scroll labelled SUOW IRIBBAU.
  2110 | D:3      | 2110 ||| READING scroll labelled ARUNUN WIRI.
  2151 | D:4      | Found a staircase to the Ecumenical Temple.
  2152 | D:4      | 2152 ||| PLANNING TEMPLE
  2163 | D:4      | Reached skill level 6 in Ranged Weapons
  2163 | D:4      | Reached XP level 7. HP: 46/66 MP: 7/7
  2232 | Temple   | Entered the Ecumenical Temple
  2233 | Temple   | 2233 ||| PLANNING OKAWARU WORSHIP
  2254 | Temple   | Became a worshipper of Warmaster Okawaru
  2255 | Temple   | 2255 ||| PLANNING D:1-11
  2379 | D:4      | 2379 ||| INVOKING Spit Poison.
  2384 | D:4      | 2384 ||| INVOKING Spit Poison.
  2388 | D:4      | 2388 ||| INVOKING Spit Poison.
  2392 | D:4      | 2392 ||| INVOKING Spit Poison.
  2483 | D:4      | 2483 ||| INVOKING Spit Poison.
  2538 | D:4      | 2538 ||| READING scroll labelled HOELUBB TUCEPN.
  2539 | D:4      | 2539 ||| DRINKING 2 ruby potions.
  2566 | D:5      | Entered Level 5 of the Dungeon
  2591 | D:5      | 2591 ||| INVOKING Spit Poison.
  2593 | D:5      | Noticed Ijyb
  2598 | D:5      | 2598 ||| INVOKING Spit Poison.
  2601 | D:5      | 2601 ||| INVOKING Spit Poison.
  2604 | D:5      | 2604 ||| INVOKING Spit Poison.
  2605 | D:5      | Killed Ijyb
  2690 | D:5      | Noticed Blork the orc
  2691 | D:5      | 2691 ||| INVOKING Spit Poison.
  2696 | D:5      | 2696 ||| INVOKING Spit Poison.
  2702 | D:5      | 2702 ||| INVOKING Spit Poison.
  2704 | D:5      | HP: 15/66 [Blork the orc/puff of flame (2)]
  2705 | D:5      | 2705 ||| READING scroll of teleportation.
  2706 | D:5      | 2706 ||| DRINKING 3 potions of heal wounds.
  2707 | D:5      | 2707 ||| INVOKING Spit Poison.
  2707 | D:5      | Killed Blork the orc
  2708 | D:5      | Reached skill level 7 in Ranged Weapons
  2869 | D:5      | 2869 ||| INVOKING Spit Poison.
  2874 | D:5      | 2874 ||| INVOKING Spit Poison.
  2888 | D:5      | Reached * piety under Okawaru
  2889 | D:5      | Reached XP level 8. HP: 60/73 MP: 8/8
  3019 | D:5      | 3019 ||| DRINKING 3 clear potions.
  3019 | D:5      | Gained mutation: You are dopey. (Int -2) [potion of
                  | mutation]
  3171 | D:5      | Noticed Duvessa
  3171 | D:5      | Noticed Dowan
  3172 | D:5      | 3172 ||| INVOKING Heroism.
  3173 | D:5      | 3173 ||| INVOKING Spit Poison.
  3177 | D:5      | 3177 ||| Stepping ~*~*~tactically~*~*~ (outnumbered).
  3180 | D:5      | 3180 ||| INVOKING Spit Poison.
  3180 | D:5      | Killed Duvessa
  3181 | D:5      | Reached skill level 8 in Ranged Weapons
  3184 | D:5      | 3184 ||| INVOKING Heroism.
  3188 | D:5      | 3188 ||| INVOKING Spit Poison.
  3197 | D:5      | 3197 ||| INVOKING Heroism.
  3198 | D:5      | 3198 ||| INVOKING Spit Poison.
  3198 | D:5      | Killed Dowan
  3294 | D:5      | 3294 ||| INVOKING Spit Poison.
  3298 | D:5      | 3298 ||| INVOKING Spit Poison.
  3367 | D:5      | 3367 ||| SWAPPING to +0 orcbow.
  3368 | D:5      | 3368 ||| DROPPING +0 shortbow.
  3424 | D:5      | 3424 ||| UPGRADING to scarf of repulsion.
  3429 | D:5      | 3429 ||| READING 2 scrolls of identify.
  3429 | D:5      | 3429 ||| IDENTIFYING pink potion
  3533 | D:6      | 3533 ||| Stepping ~*~*~tactically~*~*~ (outnumbered).
  3535 | D:6      | 3535 ||| Stepping ~*~*~tactically~*~*~ (outnumbered).
  3537 | D:6      | 3537 ||| Stepping ~*~*~tactically~*~*~ (outnumbered).
  3538 | D:6      | 3538 ||| INVOKING Spit Poison.
  3541 | D:6      | 3541 ||| INVOKING Spit Poison.
  3546 | D:6      | 3546 ||| INVOKING Spit Poison.
  3548 | D:6      | HP: 18/74 [gnoll sergeant/+0 trident of protection (12)]
  3549 | D:6      | 3549 ||| DRINKING 2 potions of heal wounds.
  3552 | D:6      | 3552 ||| DRINKING potion of heal wounds.
  3553 | D:6      | 3553 ||| INVOKING Spit Poison.
  3555 | D:6      | HP: 18/74 [gnoll sergeant/+0 trident of protection (1)]
  3556 | D:6      | HP: 4/74 [gnoll sergeant/+0 trident of protection (6)]
  3556 | D:6      | Slain by a gnoll

Levels and vault maps discovered:
D:1:      dpeg_arrival_stonehenge_8_columns, layout_loops_ring,
          basic_ecumenical_altar
D:2:      minmay_general_purpose_star, layout_rooms, minmay_misc_feat_rugged,
          chequers_big_river, dreamdust_mushroom_princess, uniq_sigmund,
          uniq_terence
D:3:      layout_rooms, overflow_temple_1_default, minmay_quadrilaterals
D:4:      layout_rooms, minmay_temple_entry_mini_moons
D:5:      layout_basic, uniq_ijyb, uniq_duvessa, uniq_blork_the_orc
D:6:      layout_gridville
Temple:   hellmonk_temple_two_chambers

Skill      XL: |  1  2  3  4  5  6  7  8 |
---------------+-------------------------+-----
Ranged Weapons | 4 5 6 7 8 |  8.4
Fighting       | 4 5 |  5.2
Dodging        | 2 |  2.0
Stealth        | |  1.5
Invocations    | |  0.1

Action                     |  1- 3 |  4- 6 |  7- 9 || total
---------------------------+-------+-------+-------++-------
   Fire: Shortbow          |    65 |    95 |    97 ||   257
         Orcbow            |       |       |    12 ||    12
 Invoke: Heroism           |       |       |     3 ||     3
Ability: Spit Poison       |    19 |    27 |    25 ||    71
    Use: Scroll            |     2 |     3 |     3 ||     8
         Potion            |     1 |     5 |     5 ||    11
 Armour: Leather armour    |     7 |     2 |       ||     9
         Skin              |       |     2 |       ||     2
         Robe              |       |    21 |    30 ||    51
  Dodge: Dodged            |     7 |    20 |    54 ||    81

Table legend:
 A = Non-vault XP
 B = Vault XP
 C = Vault XP percentage of total XP
 D = Non-vault monster count
 E = Vault monster count
 F = Vault count percentage of total count
                 A         B        C        D         E       F
            +---------+---------+-------+---------+---------+-------
      Total |     918 |     763 |  45.4 |      79 |      14 |  15.1
            +---------+---------+-------+---------+---------+-------
        D:1 |      50 |       0 |   0.0 |      31 |       0 |   0.0
        D:2 |      37 |     272 |  88.0 |       9 |       5 |  35.7
        D:3 |      31 |     141 |  82.0 |      12 |       5 |  29.4
        D:4 |     218 |       0 |   0.0 |      13 |       0 |   0.0
        D:5 |     553 |     350 |  38.8 |      12 |       4 |  25.0
        D:6 |      29 |       0 |   0.0 |       2 |       0 |   0.0
            +---------+---------+-------+---------+---------+-------
